 Dungeon Crawl Stone Soup version 0.31-a0-167-g1c394c0614 (webtiles) character file.

Game seed: 18263679543542387495

1019 qw the Skirmisher (level 8, -1/74 HPs)
             Began as a Naga Hunter on June 14, 2023.
             Slain by Edmund
             ... wielding a +2 flail of holy wrath
              (10 damage)
             ... on level 4 of the Dungeon.
             The game lasted 00:01:33 (2582 turns).

qw the Skirmisher (Naga Hunter)                     Turns: 2582, Time: 00:01:34

Health: -1/74      AC:  5    Str: 14    XL:     8   Next: 22%
Magic:  8/8        EV: 10    Int: 10    God:
Gold:   265        SH:  0    Dex: 16    Spells: 7/7 levels left

rFire   . . .        Y - +0 shortbow
rCold   . . .        (shield currently unavailable)
rNeg    . . .        d - +1 animal skin
rPois   +            e - +0 helmet
rElec   .            (no cloak)
rCorr   .            (no gloves)
SInv    +            (no barding)
Will    +....        g - amulet of regeneration
Stlth   ++           (no ring)
HPRegen 1.12/turn    (no ring)
MPRegen 0.11/turn

%: no passive effects
@: short of breath, very slow
A: AC +2, large, see invisible, deformed body, poison resistance, slowness 2,
spit poison 1, naga tail 1
a: Spit Poison


You were on level 4 of the Dungeon.
You visited 1 branch of the dungeon, and saw 4 of its levels.

You collected 265 gold pieces.


Innate Abilities, Weirdness & Mutations

Your serpentine skin is tough. (AC +2)
You have supernaturally acute eyesight. (SInv)
Armour fits poorly on your strangely shaped body.
Your system is resistant to poisons. (rPois)
You cover ground very slowly.
You can spit poison.
You have a snake-like lower body.


   Skills:
 - Level 5.0 Fighting
 + Level 8.1 Ranged Weapons
 - Level 2.0 Dodging
 - Level 1.5 Stealth


You had 7 spell levels left.
You didn't know any spells.
Your spell library was empty.

Inventory:

Hand Weapons
 Y - a +0 shortbow (weapon)
Armour
 c - a scarf of repulsion
 d - a +1 animal skin (worn)
 e - a +0 helmet (worn)
Jewellery
 g - an amulet of regeneration (around neck)
Scrolls
 a - 5 scrolls of identify
 h - a scroll of enchant weapon {unknown}
 j - a scroll of torment {unknown}
Potions
 b - a potion of curing {unknown}
 f - 2 potions of mutation
 i - a potion of lignification {unknown}

Dungeon Overview and Level Annotations

Branches:
Dungeon (4/15)
 Temple: D:4-7

Altars:
Ashenzari
Gozag
Ru
Xom
Zin

Annotations:
D:4 Edmund


Message History

The jackal barely misses you.
2578 ||| INVOKING Spit Poison.
Aiming: Spit Poison (1% risk of failure)
Press: ? - help, Shift-Dir - straight line, f/p - Edmund The splash of poison hits Edmund.
Edmund is poisoned.
Edmund is heavily wounded.
The jackal barely misses you.
The jackal bites you but does no damage.
The jackal barely misses you. The endoplasm hits you.
Edmund closely misses you. The jackal bites you.
You shoot an arrow.
The arrow hits Edmund but does no damage.
Edmund is heavily wounded.
The jackal closely misses you. x2
The jackal bites you but does no damage.
The endoplasm freezes you.
You are frozen.
Edmund closely misses you. The jackal barely misses you.
You shoot an arrow. The arrow barely misses Edmund.
You have got your breath back.
The jackal bites you but does no damage. x2
The jackal bites you. The endoplasm hits you.
Edmund hits you with a +2 flail of holy wrath!
The jackal bites you.
2581 ||| INVOKING Spit Poison.
Aiming: Spit Poison (1% risk of failure)
Press: ? - help, Shift-Dir - straight line, f/p - Edmund The splash of poison hits Edmund but does no damage.
Edmund looks even sicker.
Edmund is heavily wounded.
The jackal bites you. The jackal closely misses you.
The jackal completely misses you. The endoplasm barely misses you.
Edmund misses you. The jackal barely misses you. The jackal bites you.
You shoot an arrow. The arrow hits Edmund.
Edmund is severely wounded.
The jackal bites you but does no damage. x2
The jackal bites you. The endoplasm freezes you.
You are frozen.
Edmund hits you with a +2 flail of holy wrath!
You die...

#.# ### #.#
#######....
#.#
#..........
#.#
#..........
#.#
#..........
#.###.........
#...%......#
#####...h..#
#..@@..#
#.Jhh......
#..........
####.......
.......
.......
.......
.......


You could see Edmund (very poisoned), an endoplasm and 3 jackals.

Vanquished Creatures
  Sigmund (D:2)
  Menkaure (D:4)
  Pargi (D:3)
  An ogre (D:4)
  A phantom (D:4)
  A scorpion (D:4)
  A jelly (D:4)
  2 orc priests (D:3)
  A sleepcap (D:4)
  Ijyb (D:4)
  An iguana (D:4)
  An orc wizard (D:4)
  Robin (D:2)
  4 gnolls (D:4)
  4 adders
  A worm (D:2)
  2 dart slugs (D:1)
  22 orcs
  4 ball pythons
  5 endoplasms
  3 giant cockroaches
  21 goblins
  11 hobgoblins
  6 jackals
  A quokka (D:2)
  8 bats
  3 frilled lizards
  10 kobolds
  4 rats
123 creatures vanquished.

Notes
Turn   | Place    | Note
-------+----------+-------------------------------------------
     0 | D:1      | qw the Naga Hunter began the quest for the Orb.
     0 | D:1      | Reached XP level 1. HP: 19/19 MP: 1/1
     0 | D:1      | 0 ||| qw: Version: 0.2-a-29-g1fa15c8
     0 | D:1      | 0 ||| qw: Game counter: 5096
     0 | D:1      | 0 ||| qw: Always use a shield: true
     0 | D:1      | 0 ||| qw: God list: Okawaru
     0 | D:1      | 0 ||| qw: Allow faded altars: false
     0 | D:1      | 0 ||| qw: Do Orc after D:15 true
     0 | D:1      | 0 ||| qw: Do second Lair branch before Depths: true
     0 | D:1      | 0 ||| qw: Lair rune preference: random
     0 | D:1      | 0 ||| qw: Plans: Normal
     0 | D:1      | 0 ||| PLANNING D:1-11
    42 | D:1      | 42 ||| INVOKING Spit Poison.
    50 | D:1      | 50 ||| INVOKING Spit Poison.
    60 | D:1      | 60 ||| INVOKING Spit Poison.
    71 | D:1      | 71 ||| INVOKING Spit Poison.
    72 | D:1      | Reached skill level 4 in Ranged Weapons
    72 | D:1      | Reached XP level 2. HP: 26/26 MP: 2/2
    82 | D:1      | 82 ||| INVOKING Spit Poison.
    88 | D:1      | 88 ||| INVOKING Spit Poison.
   100 | D:1      | 100 ||| INVOKING Spit Poison.
   106 | D:1      | 106 ||| INVOKING Spit Poison.
   110 | D:1      | 110 ||| INVOKING Spit Poison.
   115 | D:1      | 115 ||| INVOKING Spit Poison.
   121 | D:1      | 121 ||| INVOKING Spit Poison.
   125 | D:1      | 125 ||| INVOKING Spit Poison.
   172 | D:1      | 172 ||| INVOKING Spit Poison.
   202 | D:1      | 202 ||| INVOKING Spit Poison.
   259 | D:1      | 259 ||| INVOKING Spit Poison.
   260 | D:1      | Reached XP level 3. HP: 32/32 MP: 3/3
   270 | D:1      | 270 ||| INVOKING Spit Poison.
   308 | D:1      | 308 ||| INVOKING Spit Poison.
   313 | D:1      | 313 ||| INVOKING Spit Poison.
   499 | D:1      | 499 ||| UPGRADING to amulet of regeneration.
   504 | D:1      | 504 ||| READING 2 scrolls labelled TUUQOL MOESOUG.
   505 | D:1      | 505 ||| READING scroll labelled SUREULYCIX.
   506 | D:1      | 506 ||| READING scroll labelled UDDEBU BEGU.
   507 | D:1      | 507 ||| DROPPING scroll of butterflies.
   531 | D:2      | 531 ||| INVOKING Spit Poison.
   543 | D:2      | 543 ||| INVOKING Spit Poison.
   574 | D:2      | 574 ||| INVOKING Spit Poison.
   581 | D:2      | 581 ||| INVOKING Spit Poison.
   625 | D:2      | Noticed Sigmund
   626 | D:2      | 626 ||| INVOKING Spit Poison.
   632 | D:2      | 632 ||| INVOKING Spit Poison.
   633 | D:2      | Killed Sigmund
   634 | D:2      | Reached skill level 6 in Ranged Weapons
   634 | D:2      | Reached XP level 4. HP: 20/39 MP: 4/4
   634 | D:2      | Reached XP level 5. HP: 23/45 MP: 5/5
   703 | D:2      | 703 ||| INVOKING Spit Poison.
   734 | D:2      | Found a faded altar of an unknown god.
   735 | D:2      | 735 ||| INVOKING Spit Poison.
   781 | D:2      | 781 ||| INVOKING Spit Poison.
   798 | D:2      | 798 ||| INVOKING Spit Poison.
   835 | D:2      | 835 ||| INVOKING Spit Poison.
   869 | D:2      | 869 ||| INVOKING Spit Poison.
   927 | D:2      | 927 ||| INVOKING Spit Poison.
   932 | D:2      | 932 ||| INVOKING Spit Poison.
   933 | D:2      | Noticed Robin
   937 | D:2      | 937 ||| Stepping ~*~*~tactically~*~*~ (outnumbered).
   938 | D:2      | 938 ||| INVOKING Spit Poison.
   941 | D:2      | Killed Robin
   942 | D:2      | Reached XP level 6. HP: 54/55 MP: 6/6
   942 | D:2      | 942 ||| INVOKING Spit Poison.
   943 | D:2      | 943 ||| INVOKING Spit Poison.
  1120 | D:2      | 1120 ||| UPGRADING to +1 animal skin.
  1130 | D:2      | 1130 ||| DROPPING +0 leather armour.
  1131 | D:2      | 1131 ||| UPGRADING to +0 helmet.
  1136 | D:2      | 1136 ||| READING 2 scrolls of identify.
  1136 | D:2      | 1136 ||| IDENTIFYING lumpy grey potion
  1137 | D:2      | 1137 ||| DROPPING potion of ambrosia.
  1169 | D:3      | 1169 ||| INVOKING Spit Poison.
  1172 | D:3      | 1172 ||| INVOKING Spit Poison.
  1177 | D:3      | 1177 ||| INVOKING Spit Poison.
  1182 | D:3      | 1182 ||| INVOKING Spit Poison.
  1192 | D:3      | 1192 ||| Stepping ~*~*~tactically~*~*~ (outnumbered).
  1196 | D:3      | 1196 ||| INVOKING Spit Poison.
  1197 | D:3      | 1197 ||| INVOKING Spit Poison.
  1204 | D:3      | Reached skill level 3 in Fighting
  1204 | D:3      | 1204 ||| INVOKING Spit Poison.
  1207 | D:3      | 1207 ||| INVOKING Spit Poison.
  1210 | D:3      | 1210 ||| INVOKING Spit Poison.
  1224 | D:3      | 1224 ||| INVOKING Spit Poison.
  1225 | D:3      | 1225 ||| INVOKING Spit Poison.
  1238 | D:3      | 1238 ||| INVOKING Spit Poison.
  1243 | D:3      | 1243 ||| INVOKING Spit Poison.
  1293 | D:3      | Noticed Pargi
  1294 | D:3      | 1294 ||| INVOKING Spit Poison.
  1298 | D:3      | 1298 ||| INVOKING Spit Poison.
  1304 | D:3      | 1304 ||| INVOKING Spit Poison.
  1307 | D:3      | 1307 ||| INVOKING Spit Poison.
  1312 | D:3      | 1312 ||| INVOKING Spit Poison.
  1316 | D:3      | HP: 13/56 [kobold/+0 dagger (3)]
  1319 | D:3      | 1319 ||| INVOKING Spit Poison.
  1320 | D:3      | Killed Pargi
  1381 | D:3      | 1381 ||| INVOKING Spit Poison.
  1384 | D:3      | 1384 ||| Stepping ~*~*~tactically~*~*~ (outnumbered).
  1387 | D:3      | 1387 ||| INVOKING Spit Poison.
  1390 | D:3      | 1390 ||| INVOKING Spit Poison.
  1397 | D:3      | 1397 ||| INVOKING Spit Poison.
  1403 | D:3      | 1403 ||| INVOKING Spit Poison.
  1435 | D:3      | Found a sacrificial altar of Ru.
  1436 | D:3      | Found a shimmering altar of Xom.
  1460 | D:3      | 1460 ||| INVOKING Spit Poison.
  1461 | D:3      | Reached XP level 7. HP: 64/64 MP: 7/7
  1478 | D:3      | 1478 ||| INVOKING Spit Poison.
  1504 | D:3      | 1504 ||| INVOKING Spit Poison.
  1524 | D:3      | 1524 ||| INVOKING Spit Poison.
  1605 | D:3      | 1605 ||| INVOKING Spit Poison.
  1680 | D:3      | 1680 ||| INVOKING Spit Poison.
  1794 | D:3      | Found a glowing silver altar of Zin.
  1794 | D:3      | Noticed an angel
  1913 | D:3      | 1913 ||| READING scroll labelled UVIQUN GYIKUINKO.
  1918 | D:3      | 1918 ||| READING scroll labelled SICLOE CAORIN.
  1919 | D:3      | 1919 ||| READING scroll labelled POHIGA WOIZOCS.
  1920 | D:3      | 1920 ||| DRINKING 3 inky potions.
  1921 | D:3      | 1921 ||| READING 3 scrolls of identify.
  1921 | D:3      | 1921 ||| IDENTIFYING lumpy cyan potion
  1922 | D:3      | 1922 ||| DROPPING 2 potions of attraction.
  1957 | D:4      | Found a broken altar of Ashenzari.
  1979 | D:4      | Found an opulent altar of Gozag.
  1989 | D:4      | 1989 ||| INVOKING Spit Poison.
  2012 | D:4      | 2012 ||| INVOKING Spit Poison.
  2014 | D:4      | 2014 ||| Stepping ~*~*~tactically~*~*~ (outnumbered).
  2019 | D:4      | 2019 ||| INVOKING Spit Poison.
  2021 | D:4      | Reached skill level 7 in Ranged Weapons
  2024 | D:4      | 2024 ||| INVOKING Spit Poison.
  2041 | D:4      | 2041 ||| INVOKING Spit Poison.
  2097 | D:4      | Noticed Menkaure
  2107 | D:4      | Killed Menkaure
  2132 | D:4      | 2132 ||| INVOKING Spit Poison.
  2137 | D:4      | 2137 ||| INVOKING Spit Poison.
  2144 | D:4      | Reached skill level 8 in Ranged Weapons
  2144 | D:4      | 2144 ||| INVOKING Spit Poison.
  2190 | D:4      | 2190 ||| INVOKING Spit Poison.
  2209 | D:4      | 2209 ||| INVOKING Spit Poison.
  2211 | D:4      | Noticed Ijyb
  2214 | D:4      | 2214 ||| INVOKING Spit Poison.
  2217 | D:4      | Killed Ijyb
  2218 | D:4      | Reached XP level 8. HP: 40/73 MP: 8/8
  2316 | D:4      | 2316 ||| INVOKING Spit Poison.
  2320 | D:4      | 2320 ||| INVOKING Spit Poison.
  2327 | D:4      | 2327 ||| INVOKING Spit Poison.
  2344 | D:4      | 2344 ||| INVOKING Spit Poison.
  2347 | D:4      | 2347 ||| INVOKING Spit Poison.
  2350 | D:4      | 2350 ||| INVOKING Spit Poison.
  2355 | D:4      | 2355 ||| INVOKING Spit Poison.
  2403 | D:4      | 2403 ||| INVOKING Spit Poison.
  2410 | D:4      | 2410 ||| INVOKING Spit Poison.
  2441 | D:4      | 2441 ||| INVOKING Spit Poison.
  2447 | D:4      | 2447 ||| INVOKING Spit Poison.
  2457 | D:4      | 2457 ||| INVOKING Spit Poison.
  2512 | D:4      | 2512 ||| INVOKING Spit Poison.
  2517 | D:4      | 2517 ||| Stepping ~*~*~tactically~*~*~ (outnumbered).
  2520 | D:4      | 2520 ||| INVOKING Spit Poison.
  2524 | D:4      | 2524 ||| INVOKING Spit Poison.
  2544 | D:4      | 2544 ||| INVOKING Spit Poison.
  2551 | D:4      | 2551 ||| INVOKING Spit Poison.
  2557 | D:4      | 2557 ||| INVOKING Spit Poison.
  2560 | D:4      | 2560 ||| INVOKING Spit Poison.
  2562 | D:4      | Noticed Edmund
  2564 | D:4      | 2564 ||| INVOKING Spit Poison.
  2568 | D:4      | 2568 ||| INVOKING Spit Poison.
  2574 | D:4      | 2574 ||| INVOKING Spit Poison.
  2578 | D:4      | 2578 ||| INVOKING Spit Poison.
  2580 | D:4      | HP: 12/74 [Edmund/+2 flail of holy wrath (10)]
  2581 | D:4      | 2581 ||| INVOKING Spit Poison.
  2582 | D:4      | Slain by Edmund

Levels and vault maps discovered:
D:1:      giann_forest_graveyard, layout_rooms, minmay_tromino_mix6
D:2:      layout_loops_cross, shapermc_ecumenical_altar_mp_highgroup,
          solitary_fountain, dreamdust_princess_corridor,
          palyth_stone_intersect, uniq_robin, uniq_sigmund
D:3:      layout_loops_ring, zin_angel, mainiacjoe_overflow_divided_tiny,
          guppyfry_early_orc_mine, uniq_pargi
D:4:      kennysheep_goblin_castle, layout_basic, grunt_gozag_statues,
          ashenzari_altar_1, minmay_fractal_squares_5, uniq_menkaure,
          uniq_edmund

Skill      XL: |  1  2  3  4  5  6  7  8 |
---------------+-------------------------+-----
Ranged Weapons | 4 6 8 |  8.1
Fighting       | 4 5 |  5.0
Dodging        | 2 |  2.0
Stealth        | |  1.5

Action                     |  1- 3 |  4- 6 |  7- 9 || total
---------------------------+-------+-------+-------++-------
   Fire: Shortbow          |    48 |   101 |   157 ||   306
Ability: Spit Poison       |    24 |    33 |    40 ||    97
    Use: Scroll            |     3 |     1 |     4 ||     8
         Potion            |       |       |     1 ||     1
 Armour: Leather armour    |     3 |     6 |       ||     9
         Animal skin       |       |    57 |    29 ||    86
  Dodge: Dodged            |    16 |    71 |    72 ||   159

Table legend:
 A = Non-vault XP
 B = Vault XP
 C = Vault XP percentage of total XP
 D = Non-vault monster count
 E = Vault monster count
 F = Vault count percentage of total count
                 A         B        C        D         E       F
            +---------+---------+-------+---------+---------+-------
      Total |     489 |     968 |  66.4 |      83 |      40 |  32.5
            +---------+---------+-------+---------+---------+-------
        D:1 |      38 |       6 |  13.6 |      24 |       2 |   7.7
        D:2 |      34 |     252 |  88.1 |      11 |       9 |  45.0
        D:3 |     142 |     158 |  52.7 |      22 |       8 |  26.7
        D:4 |     275 |     552 |  66.7 |      26 |      21 |  44.7
            +---------+---------+-------+---------+---------+-------
